 Dungeon Crawl Stone Soup version 0.25-a0-1056-g2efb326896 (webtiles) character file.

Game seed: 9859395880053853770, levelgen mode: classic

14 Amnesiac the Skirmisher (level 2, 0/18 HPs)
             Began as a Deep Elf Fighter on May 13, 2020.
             Killed by divine providence
             ... invoked by an orc priest
              (9 damage)
             ... on level 4 of the Dungeon.
             The game lasted 00:02:54 (833 turns).

Amnesiac the Skirmisher (Deep Elf Fighter)           Turns: 833, Time: 00:02:55

Health: 0/18       AC:  6    Str: 13    XL:     2   Next: 27%
Magic:  4/4        EV:  6    Int: 12    God:
Gold:   15         SH:  8    Dex: 16    Spells: 1/1 levels left

rFire    x . .     SeeInvis .   a - +0 war axe
rCold    + . .     Gourm    .   c - +0 kite shield
rNeg     . . .     Faith    .   b - +0 scale mail
rPois    .         Spirit   .   (no helmet)
rElec    .         Reflect  .   (no cloak)
rCorr    .         Harm     .   (no gloves)
MR       .....                  (no boots)
Stlth    ..........             (no amulet)
HPRegen  0.06/turn              e - ring of ice
MPRegen  0.09/turn              g - +2 ring of dexterity

@: mighty
A: no striking features
a: no special abilities


You were on level 4 of the Dungeon.
You were not hungry.

You visited 1 branch of the dungeon, and saw 5 of its levels.

You collected 15 gold pieces.

Inventory:

Hand Weapons
 a - a +0 war axe (weapon)
Missiles
 h - 12 arrows
Armour
 b - a +0 scale mail (worn)
 c - a +0 kite shield (worn)
Jewellery
 e - a ring of ice (left hand)
 g - a +2 ring of dexterity (right hand)
Scrolls
 j - a scroll of identify {!r, unknown}
Comestibles
 f - a ration
 i - 2 chunks of flesh


   Skills:
 * Level 2.7 Fighting
 - Level 2.0 Axes
 - Level 2.4 Armour
 + Level 0.8 Dodging
 - Level 2.4 Shields


You had one spell level left.
You didn't know any spells.
Your spell library was empty.

Dungeon Overview and Level Annotations

Branches:
Dungeon (5/15)
 Temple: D:4-7

Altars:


Message History

You are poisoned.
The scorpion poisons you!
You feel sick. The scorpion completely misses you.
The ice beast hits you but does no damage.
You feel sick.
You feel sick.
You feel sick.
Okay, then.
You feel sick.
You feel sick.
You feel sick.
You feel sick.
You feel sick.
You are no longer poisoned.
Found a stone staircase leading up.
There is a stone staircase leading up here.
You climb upwards.
Found 12 arrows.
Found Xushufeh's Jewellery Shoppe.
There is a stone staircase leading down here.
You start resting.
HP restored.
The shop is a mimic!
The shop mimic chortles and vanishes in a puff of smoke!
You see here 12 arrows.
h - 12 arrows A leopard gecko comes into view.
The leopard gecko hisses angrily.
A worm comes into view.
You slash the leopard gecko!
You kill the leopard gecko!
You have reached level 2!
You see here a leopard gecko corpse.
You butcher the leopard gecko corpse.
Things that are here:
2 chunks of flesh; a leopard gecko skeleton
i - 2 chunks of flesh
There is a stone staircase leading down here.
Found a scroll labeled TIEGGU ACIMA.
j - a scroll labeled TIEGGU ACIMA {!r} 3 orcs and an orc priest come into view.
The orc shouts! x2; The orc priest shouts!
The orc shouts!
You hear a shout!
A centaur skeleton comes into view.
The orc priest mumbles some strange prayers to Beogh against you.
Beogh smites you!
Really quaff
d - a potion of might {!q}?
You feel very mighty all of a sudden. You block the orc's attack.
Your shield and scale mail prevent you from hitting the orc.
The orc barely misses you. The orc hits you with a +0 trident.
You closely miss the orc. You block the orc's attack.
You closely miss the orc. You block the orc's attack.
The orc priest miscasts a cantrip.
You slash the orc!
You kill the orc!
The orc priest looks braver for a moment.
You closely miss the orc. The orc barely misses you.
The orc hits you with a +0 club.
* * * LOW HITPOINT WARNING * * *
You slash the orc!
You kill the orc!
The orc priest calls down the wrath of Beogh upon you.
Beogh smites you!
Ouch! That really hurt!
You die...

...........# .. ..####.###.
.# #.## ## #.# #># # ######
#.# #.## ## ..... #.#
##.###. #...Z #.# #....#
#.... #####.# ###.#.##
#...o #oZ@..# #.....# #...
#o###.#######.#.###
#.o#######................#
#..Z.ooo.o.....############
#.########.....# # ####...#
.#.#.# ........ ##.#.#....


You could see an orc priest, an orc and a centaur skeleton.

Vanquished Creatures
  A leopard gecko (D:4)
  2 orcs (D:4)
  4 giant cockroaches
  A goblin (D:3)
  A kobold (D:3)
9 creatures vanquished.

Notes
Turn   | Place    | Note
-------+----------+-------------------------------------------
     0 | D:1      | Amnesiac the Deep Elf Fighter began the quest for the Orb.
     0 | D:1      | Reached XP level 1. HP: 13/13 MP: 3/3
   416 | D:5      | Entered Level 5 of the Dungeon
   440 | D:5      | Noticed a scorpion
   454 | D:5      | Noticed an ice beast
   616 | D:4      | Found Xushufeh's Jewellery Shoppe.
   775 | D:4      | Reached XP level 2. HP: 18/18 MP: 4/4
   833 | D:4      | Killed from afar by an orc priest

Illustrated notes

Levels and vault maps discovered:
D:1:      minmay_arrival_jagged, layout_basic
D:2:      layout_basic, uniq_jessica
D:3:      gammafunk_steamed_eel, layout_rooms, overflow_temple_1_default
D:4:      layout_loops_ring, grunt_temple_overflow_open, first_ration,
          serial_shops, nicolae_shop_crystal, shop, uniq_robin
D:5:      minmay_razor_zed, layout_basic, nicolae_dithmenos_shadow_blocks

Skill      XL: |  1 |
---------------+----+-----
Axes           | 2 |  2.0
Fighting       | |  2.7
Armour         | |  2.4
Dodging        | |  0.8
Shields        | |  2.4

Action                   || total
-------------------------++-------
Melee: War axe           ||    34
  Use: Potion            ||     1
Armor: Scale mail        ||    16
Dodge: Dodged            ||    11
Block: Kite shield       ||    17

Table legend:
 A = Non-vault XP
 B = Vault XP
 C = Vault XP percentage of total XP
 D = Non-vault monster count
 E = Vault monster count
 F = Vault count percentage of total count
                 A         B        C        D         E       F
            +---------+---------+-------+---------+---------+-------
      Total |      20 |       0 |   0.0 |       9 |       0 |   0.0
            +---------+---------+-------+---------+---------+-------
        D:2 |       4 |       0 |   0.0 |       2 |       0 |   0.0
        D:3 |       7 |       0 |   0.0 |       4 |       0 |   0.0
        D:4 |       9 |       0 |   0.0 |       3 |       0 |   0.0
            +---------+---------+-------+---------+---------+-------
